AoeStats
← TUSHIRO1.2

Arabia

510227629Analyzed
1v1 RM · 3d ago on Sep 30, 2026· 26m 33s· 2 players
Game mode
Random Map
Map size
Tiny (2 player)
Population
200
Speed
Normal
Resources
Standard
Victory
Conquest
Starting age
Dark Age
Ending age
Imperial Age
RankedLock teamsTeams togetherTeam positionsShared explorationLock speedFull tech treeHidden civsTurbo modeCheats
Victory
Defeat
🇲🇽 Hindustanis · Mexico
1149
+40
🇨🇱 Mongols · Chile
1148
-16
Shalvi!< 133
5:54 Loom
8:00 Feudal Age
9:06 Double-Bit Axe
18:58 Forging
19:38 Bloodlines
23:04 Castle Age
22:13 Gold Mining
23:19 Horse Collar
24:49 Husbandry
TUSHIRO1.2
7:19 Loom
10:00 Feudal Age
13:57 Forging
14:12 Double-Bit Axe
15:37 Padded Archer Armor
21:38 Castle Age
22:27 Bloodlines
22:24 Scale Barding Armor
21:56 Light Cavalry
23:02 Husbandry
Connection lost

Rejoining the realm…

Still unreachable

The connection could not be restored.

Session expired

The server has moved on; the page needs a fresh start.